 Dungeon Crawl Stone Soup version 0.27.1-3-gb3d3a73c9e (webtiles) character file.

Game seed: 8293284994178094779

74 styxcanada the Sneak (level 4, 0/23 HPs)
             Began as a Spriggan Brigand on Oct 31, 2021.
             Killed from afar by Robin (4 damage)
             ... with a puff of flame
             ... on level 2 of the Dungeon.
             The game lasted 00:06:49 (2241 turns).

styxcanada the Sneak (Spriggan Brigand)             Turns: 2241, Time: 00:06:49

Health: 0/23       AC: 10    Str:  7    XL:     4   Next: 10%
Magic:  5/5        EV: 18    Int: 12    God:
Gold:   39         SH:  0    Dex: 23    Spells: 3/3 levels left

rFire    . . .     SeeInvis +   j - +2 dagger (protect)
rCold    + . .     Faith    .   (shield restricted)
rNeg     . . .     Spirit   .   b - +0 robe
rPois    .         Reflect  .   (helmet restricted)
rElec    .         Harm     .   c - +0 cloak
rCorr    .         Rampage  .   (gloves unavailable)
Will     .....                  (boots unavailable)
Stlth    ++++......             (no amulet)
HPRegen  0.07/turn              g - +6 ring of dexterity
MPRegen  0.09/turn              m - ring of protection from cold

@: under a protective aura, very quick
A: very small, no large weapons, unfitting armour, see invisible, speed 3
a: no special abilities


You were on level 2 of the Dungeon.
You visited 1 branch of the dungeon, and saw 2 of its levels.

You collected 39 gold pieces.

Inventory:

Hand Weapons
 a - a +2 dagger
 h - a +0 hunting sling
 j - a +2 dagger of protection (weapon)
 p - a +1 flail of protection
 s - a +0 hunting sling
Missiles
 d - 17 poisoned darts (quivered)
 e - 6 curare-tipped darts
 l - 121 stones
 o - a throwing net
Armour
 b - a +0 robe (worn)
 c - a +0 cloak (worn)
 n - a +2 hat
 r - a scarf of shadows
Jewellery
 f - an amulet of faith
 g - a +6 ring of dexterity (left hand)
 m - a ring of protection from cold (right hand)
Potions
 i - 3 potions of flight
 k - 2 potions of ambrosia {unknown}
 q - a potion of haste {unknown}


   Skills:
 * Level 1.9 Fighting
 + Level 2.6 Short Blades
 + Level 2.1 Throwing
 * Level 2.2 Dodging
 * Level 7.5 Stealth


You had 3 spell levels left.
You didn't know any spells.
Your spell library contained the following spells:

 Spells                   Type           Power      Damage    Failure   Level
 Apportation              Tloc           0%         N/A       32%         1
 Alistair's Intoxication  Tmut/Pois      0%         N/A       100%        5
 Invisibility             Hex            0%         N/A       100%        6


Dungeon Overview and Level Annotations

Branches:
Dungeon (2/15)

Altars:

Annotations:
D:2 Robin


Innate Abilities, Weirdness & Mutations

You are very small and have problems with some larger weapons.
You are too small for most types of armour.
You have supernaturally acute eyesight. (SInv)
You cover ground extremely quickly. (Speed+++)


Message History

Things that are here:
a +0 club; a goblin corpse You see here a +0 club.
Things that are here:
a +0 club; a goblin corpse
Things that are here:
a +0 dagger; a goblin corpse
Things that are here:
a +0 club; a +0 club; a goblin corpse
l - 121 stones (gained 20)
Items here: ))) ††.
s - a +0 hunting sling
Things that are here:
a +0 club; a hobgoblin corpse You start resting.
An endoplasm comes into view.
You strike the helpless endoplasm from behind!
You impale the endoplasm!!
Your weapon exudes an aura of protection.
You kill the endoplasm!
Found an escape hatch in the ceiling.
There is an escape hatch in the ceiling here.
You start resting.
HP restored.
Found a glowing inky potion.
Found a stone staircase leading down.
You barely miss Robin.
Robin shouts!
Robin zaps a wand.
The puff of flame hits you!
You hit Robin.
Your weapon exudes an aura of protection.
Robin is lightly wounded.
Robin zaps a wand.
The puff of flame hits you!
* * * LOW HITPOINT WARNING * * *
You hit Robin.
Robin is lightly wounded.
You barely miss Robin.
Robin is lightly wounded.
Robin barely misses you.
Robin zaps a wand.
The puff of flame hits you.
You die...

#..!.....>#
#.........#
#.........#
#.........#
#.........#########
##..............<.####
#.........#######.....
#.........# ######
#..g.@....# ##########
#...>.....###..))))).)
#..(..[.......########
##........#####
##.......# #........#
##.#####.[# #. ##.. #
## .####


You could see Robin.

Vanquished Creatures
  2 adders (D:2)
  2 ball pythons (D:1)
  2 bats (D:1)
  2 endoplasms (D:2)
  A giant cockroach (D:1)
  16 goblins
  9 hobgoblins
  4 jackals (D:2)
  2 quokkas (D:1)
  A frilled lizard (D:1)
  A kobold (D:1)
  8 rats
50 creatures vanquished.

Notes
Turn   | Place    | Note
-------+----------+-------------------------------------------
     0 | D:1      | styxcanada the Spriggan Brigand began the quest for the
                  | Orb.
     0 | D:1      | Reached XP level 1. HP: 10/10 MP: 2/2
    37 | D:1      | Reached skill level 6 in Stealth
   321 | D:1      | Reached XP level 2. HP: 14/14 MP: 3/3
   321 | D:1      | Noticed a floating eye
   326 | D:1      | Noticed a shining eye
   328 | D:1      | Found a faded altar of an unknown god.
   341 | D:1      | Noticed a shining eye
   342 | D:1      | Noticed a golden eye
  1452 | D:1      | Reached XP level 3. HP: 17/18 MP: 4/4
  1748 | D:2      | Reached skill level 7 in Stealth
  2079 | D:2      | Noticed Robin
  2135 | D:2      | Reached XP level 4. HP: 21/23 MP: 5/5
  2241 | D:2      | Killed from afar by Robin

Illustrated notes

Levels and vault maps discovered:
D:1:      dpeg_arrival_morbid_curiosity, layout_basic,
          hellmonk_ecumenical_altar_watching_god
D:2:      layout_rooms, minmay_stone_trees_small, grunt_decor_junction,
          uniq_robin, uniq_terence

Skill      XL: |  1  2  3 |
---------------+----------+-----
Stealth        | 6 7 |  7.5
Dodging        | 2 |  2.2
Fighting       | |  1.9
Short Blades   | |  2.6
Throwing       | |  2.1

Action                   |  1- 3 |  4- 6 || total
-------------------------+-------+-------++-------
Melee: Dagger            |   131 |    11 ||   142
Throw: Dart              |    12 |       ||    12
  Use: Scroll            |     4 |       ||     4
 Stab: Sleeping          |    12 |       ||    12
       Distracted        |       |     1 ||     1
Armor: Robe              |    21 |     2 ||    23
Dodge: Dodged            |    84 |     2 ||    86
